TOP OF THE 1ST |
Echo Park Lakers batting - Pitching for Seattle Rocketeers : LHP Virgil Dickerson
|
Pitching: LHP Virgil Dickerson
|
|
Batting: RHB Ned Lyons
|
0-0: SINGLE (Groundball, 56S, EV 70.6 MPH) (infield hit)
|
Batting: LHB Philip Todd
|
0-0: Ball 1-0: SINGLE (Line Drive, 89S, EV 105.6 MPH) Ned Lyons to second
|
Batting: RHB Maema Njongmeta
|
0-0: Ball 1-0: Ball 2-0: Called Strike 2-1: Fly out, F7 (Flyball, 7D, EV 93.8 MPH) Runner from 2nd tags up, SAFE at 3rd, no throw by LF
|
Batting: RHB Komotay Koffie
|
0-0: Ball Philip Todd steals 2nd base 1-0: Foul Ball, location: 2F 1-1: Ball 2-1: Hit by Pitch
|
Batting: LHB Joe Schreibvogel
|
0-0: Foul Ball, location: 2F 0-1: Ball 1-1: DOUBLE (Flyball, 89D, EV 93.8 MPH) Ned Lyons scores Philip Todd scores Komotay Koffie to third
|
Batting: RHB Ryoma Yamamoto
|
0-0: Ball 1-0: Called Strike 1-1: Swinging Strike 1-2: Strikes out swinging
|
Batting: LHB Jonathan Winston
|
0-0: Foul Ball, location: 2F 0-1: Ball 1-1: Foul Ball, location: 2F 1-2: Foul Ball, location: 2F 1-2: Ball 2-2: Ball 3-2: Ground out 4-3 (Groundball, 4, EV 82.5 MPH)
|
Top of the 1st over - 2 runs, 3 hits, 0 errors, 2 left on base; Echo Park 2 - Seattle 0 |
BOTTOM OF THE 1ST |
Seattle Rocketeers batting - Pitching for Echo Park Lakers : RHP Bernardo López
|
Pitching: RHP Bernardo López
|
|
Batting: LHB Manoo Satyavrat
|
0-0: Foul Ball, location: 2F 0-1: Ball 1-1: Foul Ball, location: 2F 1-2: Ball 2-2: Foul Ball, location: 2F 2-2: Fly out, F6 (Popup, 4MD, EV 60.0 MPH)
|
Batting: RHB Jur Prokop
|
0-0: SOLO HOME RUN (Flyball, 78XD, EV 90.6 MPH), Distance : 377 ft
|
Batting: RHB Jason Slaybaugh
|
0-0: Ball 1-0: Ball 2-0: SINGLE (Groundball, 34D, EV 101.2 MPH)
|
Batting: RHB Gah-fat Liu
|
0-0: SINGLE (Line Drive, 8RS, EV 97.5 MPH) Jason Slaybaugh to second
|
Batting: SHB Yasuhiko Onishi
|
0-0: Ball 1-0: Swinging Strike 1-1: 3-RUN HOME RUN (Flyball, 9D, EV 91.2 MPH), Distance : 347 ft
|
Batting: RHB Mathew Mayo
|
0-0: Ball 1-0: Called Strike 1-1: Ball 2-1: Fly out, F8 (Flyball, 8LXD, EV 98.8 MPH)
|
Batting: RHB Yakamochi Ota
|
0-0: Ball 1-0: SINGLE (Groundball, 6MD, EV 105.6 MPH)
|
Batting: RHB Guy Toussaint
|
0-0: SINGLE (Line Drive, 9S, EV 95.0 MPH) Yakamochi Ota to second Runner from 2nd tries for 3rd, SAFE, no throw by RF
|
Batting: RHB Axel Ruschmeyer
|
0-0: Ball 1-0: Called Strike 1-1: Ground out 1-3 (Groundball, 13, EV 90.6 MPH)
|
Bottom of the 1st over - 4 runs, 6 hits, 0 errors, 2 left on base; Echo Park 2 - Seattle 4 |
TOP OF THE 2ND |
Echo Park Lakers batting - Pitching for Seattle Rocketeers : LHP Virgil Dickerson
|
Batting: RHB Ger Jobse
|
0-0: Called Strike 0-1: Ball 1-1: Fly out, F3 (Popup, 3S, EV 69.4 MPH)
|
Batting: LHB Armando Viña
|
0-0: Ground out U3 (Groundball, 3, EV 103.1 MPH)
|
Batting: RHB Ned Lyons
|
0-0: Ball 1-0: Foul Ball, location: 2F 1-1: Fly out, F6 (Popup, P, EV 89.4 MPH)
|
Top of the 2nd over - 0 runs, 0 hits, 0 errors, 0 left on base; Echo Park 2 - Seattle 4 |
BOTTOM OF THE 2ND |
Seattle Rocketeers batting - Pitching for Echo Park Lakers : RHP Bernardo López
|
Batting: LHB Manoo Satyavrat
|
0-0: Called Strike 0-1: Called Strike 0-2: SINGLE (Line Drive, 89S, EV 92.5 MPH)
|
Batting: RHB Jur Prokop
|
0-0: Fly out, F9 (Line Drive, 9D, EV 98.8 MPH)
|
Batting: RHB Jason Slaybaugh
|
0-0: Ball 1-0: Called Strike 1-1: Ball 2-1: Ball 3-1: Foul Ball, location: 2F 3-2: 2-RUN HOME RUN (Flyball, 78XD, EV 102.5 MPH), Distance : 444 ft
|
Batting: RHB Gah-fat Liu
|
0-0: Ball 1-0: Called Strike 1-1: SINGLE (Flyball, 9S, EV 90.0 MPH)
|
Pitching: RHP Craig Wash
|
|
Batting: SHB Yasuhiko Onishi
|
0-0: Ball 1-0: Grounds into double play, 6-4-3 (Groundball, 6, EV 105.6 MPH)
|
Bottom of the 2nd over - 2 runs, 3 hits, 0 errors, 0 left on base; Echo Park 2 - Seattle 6 |
TOP OF THE 3RD |
Echo Park Lakers batting - Pitching for Seattle Rocketeers : LHP Virgil Dickerson
|
Batting: LHB Philip Todd
|
0-0: Called Strike 0-1: Ball 1-1: Ball 2-1: SINGLE (Groundball, 34D, EV 94.4 MPH)
|
Batting: RHB Maema Njongmeta
|
0-0: Ball 1-0: Swinging Strike 1-1: Ball 2-1: Ball 3-1: Foul Ball, location: 2F 3-2: Foul Ball, location: 2F 3-2: Foul Ball, location: 2F 3-2: Foul Ball, location: 2F 3-2: Base on Balls Philip Todd to second
|
Batting: RHB Komotay Koffie
|
0-0: Ball 1-0: Ball 2-0: DOUBLE (Line Drive, 3D, EV 96.9 MPH) Philip Todd scores Maema Njongmeta to third
|
Batting: LHB Joe Schreibvogel
|
0-0: Ball 1-0: Ground out 4-3 (Groundball, 4, EV 87.5 MPH) Maema Njongmeta scores Komotay Koffie to third
|
Batting: RHB Ryoma Yamamoto
|
0-0: Ball 1-0: Fly out, F7 (Line Drive, 7, EV 95.0 MPH) Runner from 3rd tags up, SCORES, throw by LF
|
Batting: LHB Jonathan Winston
|
0-0: Ball 1-0: Swinging Strike 1-1: Ball 2-1: Ground out 5-3 (Groundball, 5S, EV 80.6 MPH)
|
Top of the 3rd over - 3 runs, 2 hits, 0 errors, 0 left on base; Echo Park 5 - Seattle 6 |
BOTTOM OF THE 3RD |
Seattle Rocketeers batting - Pitching for Echo Park Lakers : RHP Craig Wash
|
Batting: RHB Mathew Mayo
|
0-0: Ball 1-0: Foul Ball, location: 2F 1-1: Ball 2-1: Ball 3-1: Foul Ball, location: 2F 3-2: Foul Ball, location: 2F 3-2: Base on Balls
|
Batting: RHB Yakamochi Ota
|
0-0: Foul Ball, location: 2F 0-1: Ball 1-1: Called Strike 1-2: DOUBLE (Groundball, 3L, EV 107.5 MPH) Mathew Mayo to third
|
Batting: RHB Guy Toussaint
|
0-0: Foul Ball, location: 2F 0-1: Foul Ball, location: 2F 0-2: Ball 1-2: SINGLE (Line Drive, 8LS, EV 91.9 MPH) Mathew Mayo scores Yakamochi Ota to third
|
Batting: RHB Axel Ruschmeyer
|
0-0: Called Strike 0-1: DOUBLE (Flyball, 8LXD, EV 101.2 MPH) Yakamochi Ota scores Guy Toussaint to third
|
Batting: LHB Manoo Satyavrat
|
0-0: Called Strike 0-1: Ground out 3-1 (Groundball, 34, EV 88.1 MPH) Guy Toussaint scores Axel Ruschmeyer to third
|
Batting: RHB Jur Prokop
|
0-0: Ball 1-0: Ball 2-0: Ball 3-0: Base on Balls
|
Batting: RHB Jason Slaybaugh
|
0-0: Foul Ball, location: 2F 0-1: Ball 1-1: Ball 2-1: Ball 3-1: Foul Ball, location: 2F 3-2: Foul Ball, location: 2F 3-2: 3-RUN HOME RUN (Line Drive, 9D, EV 100.6 MPH), Distance : 364 ft
|
Pitching: RHP Francisco Esposo
|
|
Batting: RHB Gah-fat Liu
|
0-0: Swinging Strike 0-1: Ball 1-1: Fly out, F7 (Flyball, 7LSF, EV 82.5 MPH)
|
Batting: SHB Yasuhiko Onishi
|
0-0: Called Strike 0-1: Swinging Strike 0-2: Ball 1-2: Fly out, F8 (Flyball, 8RM, EV 95.0 MPH)
|
Bottom of the 3rd over - 6 runs, 4 hits, 0 errors, 0 left on base; Echo Park 5 - Seattle 12 |
TOP OF THE 4TH |
Echo Park Lakers batting - Pitching for Seattle Rocketeers : LHP Virgil Dickerson
|
Batting: RHB Ger Jobse
|
0-0: Ball 1-0: Ground out 5-3 (Groundball, 56, EV 88.1 MPH)
|
Batting: LHB Armando Viña
|
0-0: Called Strike 0-1: Ball 1-1: Ball 2-1: Fly out, F8 (Flyball, 89M, EV 90.6 MPH)
|
Batting: RHB Ned Lyons
|
0-0: Ball 1-0: Foul Ball, location: 2F 1-1: Ball 2-1: Foul Ball, location: 2F 2-2: Foul Ball, location: 2F 2-2: Foul Ball, location: 2F 2-2: Reached on error, E1 (Groundball, 15S, EV 69.4 MPH)
|
Batting: LHB Philip Todd
|
0-0: Ball 1-0: Called Strike 1-1: Ball 2-1: Swinging Strike 2-2: Strikes out looking
|
Top of the 4th over - 0 runs, 0 hits, 1 error, 1 left on base; Echo Park 5 - Seattle 12 |
BOTTOM OF THE 4TH |
Seattle Rocketeers batting - Pitching for Echo Park Lakers : RHP Francisco Esposo
|
Batting: RHB Mathew Mayo
|
0-0: Called Strike 0-1: Ball 1-1: Ground out 6-3 (Groundball, 6, EV 88.1 MPH)
|
Batting: RHB Yakamochi Ota
|
0-0: Ball 1-0: Ball 2-0: Called Strike 2-1: Ball 3-1: Base on Balls
|
Batting: RHB Guy Toussaint
|
0-0: SINGLE (Flyball, 78S, EV 88.8 MPH) Yakamochi Ota to second
|
Batting: RHB Axel Ruschmeyer
|
0-0: Ball 1-0: Ball 2-0: TRIPLE (Flyball, 78XD, EV 101.9 MPH) Yakamochi Ota scores Guy Toussaint scores
|
Batting: LHB Manoo Satyavrat
|
0-0: Ball 1-0: Called Strike 1-1: Ground out 4-3 (Groundball, 4, EV 84.4 MPH) Axel Ruschmeyer scores
|
Batting: RHB Jur Prokop
|
0-0: Ground out 4-3 (Groundball, 4, EV 101.2 MPH)
|
Bottom of the 4th over - 3 runs, 2 hits, 0 errors, 0 left on base; Echo Park 5 - Seattle 15 |
TOP OF THE 5TH |
Echo Park Lakers batting - Pitching for Seattle Rocketeers : LHP Virgil Dickerson
|
Batting: RHB Maema Njongmeta
|
0-0: Called Strike 0-1: Ball 1-1: Foul Ball, location: 2F 1-2: Foul Ball, location: 2F 1-2: Ball 2-2: Ball 3-2: Base on Balls
|
Batting: RHB Komotay Koffie
|
0-0: Called Strike 0-1: Reached on error, E6 (Groundball, 6, EV 103.8 MPH) Maema Njongmeta to second
|
Batting: LHB Joe Schreibvogel
|
0-0: Called Strike 0-1: Ball 1-1: Ball 2-1: Foul Ball, location: 2F 2-2: Grounds into double play, 3-6-3 (Groundball, 34S, EV 82.5 MPH) Maema Njongmeta to third
|
Batting: RHB Ryoma Yamamoto
|
0-0: Ball 1-0: Swinging Strike 1-1: Ground out 6-3 (Groundball, 6, EV 103.1 MPH)
|
Top of the 5th over - 0 runs, 0 hits, 1 error, 1 left on base; Echo Park 5 - Seattle 15 |
BOTTOM OF THE 5TH |
Seattle Rocketeers batting - Pitching for Echo Park Lakers : RHP Francisco Esposo
|
Pitching: LHP Onson Sweemey
|
|
Batting: RHB Jason Slaybaugh
|
0-0: Swinging Strike 0-1: Ball 1-1: Ball 2-1: Ball 3-1: Base on Balls
|
Batting: RHB Gah-fat Liu
|
0-0: Called Strike 0-1: Ball 1-1: Foul Ball, location: 2F 1-2: Ball 2-2: Ball 3-2: Grounds into double play, 3-6-1 (Groundball, 34, EV 105.6 MPH)
|
Batting: SHB Yasuhiko Onishi
|
0-0: Called Strike 0-1: Ball 1-1: Called Strike 1-2: Ground out 1-3 (Groundball, P, EV 67.5 MPH)
|
Bottom of the 5th over - 0 runs, 0 hits, 0 errors, 0 left on base; Echo Park 5 - Seattle 15 |
TOP OF THE 6TH |
Echo Park Lakers batting - Pitching for Seattle Rocketeers : LHP Virgil Dickerson
|
Batting: LHB Jonathan Winston
|
0-0: Ball 1-0: Called Strike 1-1: Fly out, F8 (Flyball, 8RD, EV 100.0 MPH)
|
Batting: RHB Ger Jobse
|
0-0: Ball 1-0: Called Strike 1-1: Foul Ball, location: 2F 1-2: Fly out, F8 (Flyball, 8LD, EV 90.0 MPH)
|
Batting: LHB Armando Viña
|
0-0: Ball 1-0: Ball 2-0: SINGLE (Groundball, 4S, EV 63.1 MPH) (infield hit)
|
Batting: RHB Ned Lyons
|
0-0: Called Strike 0-1: Ball 1-1: Ball 2-1: Ball Armando Viña steals 2nd base (no throw) 3-1: Base on Balls
|
Pitching: RHP Ken Richmond
|
|
Batting: LHB Philip Todd
|
0-0: Called Strike 0-1: Ball 1-1: Ball 2-1: Foul Ball, location: 2F 2-2: Ball 3-2: SINGLE (Groundball, 4MD, EV 96.2 MPH) Armando Viña to third Ned Lyons to second Armando Viña scores Ned Lyons to third
|
Batting: RHB Maema Njongmeta
|
0-0: Ball 1-0: Ball 2-0: Ball 3-0: Called Strike 3-1: Foul Ball, location: 2F 3-2: Base on Balls Philip Todd to second
|
Batting: RHB Komotay Koffie
|
0-0: Ball 1-0: Foul Ball, location: 2F 1-1: Swinging Strike 1-2: Ball 2-2: Ball 3-2: Reached on error, E5 (Groundball, 56S, EV 88.1 MPH) Ned Lyons scores Philip Todd to third Maema Njongmeta to second
|
Batting: LHB Joe Schreibvogel
|
0-0: Called Strike 0-1: Swinging Strike 0-2: Strikes out swinging
|
Top of the 6th over - 2 runs, 2 hits, 1 error, 3 left on base; Echo Park 7 - Seattle 15 |
BOTTOM OF THE 6TH |
Seattle Rocketeers batting - Pitching for Echo Park Lakers : LHP Onson Sweemey
|
Batting: RHB Mathew Mayo
|
0-0: Swinging Strike 0-1: Foul Ball, location: 2F 0-2: Strikes out looking
|
Batting: RHB Yakamochi Ota
|
0-0: Ball 1-0: Foul Ball, location: 2F 1-1: Ball 2-1: Foul Ball, location: 2F 2-2: Ball 3-2: Fly out, F9 (Flyball, 89S, EV 78.1 MPH)
|
Batting: RHB Guy Toussaint
|
0-0: Swinging Strike 0-1: Called Strike 0-2: Ground out 4-3 (Groundball, 4, EV 96.2 MPH)
|
Bottom of the 6th over - 0 runs, 0 hits, 0 errors, 0 left on base; Echo Park 7 - Seattle 15 |
TOP OF THE 7TH |
Echo Park Lakers batting - Pitching for Seattle Rocketeers : RHP Ken Richmond
|
Batting: RHB Ryoma Yamamoto
|
0-0: Ball 1-0: Foul Ball, location: 2F 1-1: Ball 2-1: Fly out, F5 (Popup, 5, EV 65.0 MPH)
|
Pinch Hitting: LHB Ramón Torres
|
0-0: Ball 1-0: Fly out, F8 (Line Drive, 8RM, EV 91.2 MPH)
|
Batting: RHB Ger Jobse
|
0-0: Foul Ball, location: 2F 0-1: Ball 1-1: Ball 2-1: Ball 3-1: TRIPLE (Line Drive, 78XD, EV 104.4 MPH)
|
Batting: LHB Armando Viña
|
0-0: Ball 1-0: Foul Ball, location: 2F 1-1: Foul Ball, location: 2F 1-2: Foul Ball, location: 2F 1-2: Ball 2-2: Ball 3-2: Foul Ball, location: 2F 3-2: Ground out U3 (Groundball, 3, EV 106.9 MPH)
|
Top of the 7th over - 0 runs, 1 hit, 0 errors, 1 left on base; Echo Park 7 - Seattle 15 |
BOTTOM OF THE 7TH |
Seattle Rocketeers batting - Pitching for Echo Park Lakers : LHP Onson Sweemey
|
Now at 3B: Hai-feng Tang
|
|
Batting: RHB Axel Ruschmeyer
|
0-0: DOUBLE (Flyball, 78XD, EV 110.0 MPH)
|
Pitching: RHP Chun-mei Bao
|
|
Pinch Hitting: RHB Ruby Rhod
|
0-0: Ball 1-0: 2-RUN HOME RUN (Flyball, 7LD, EV 103.8 MPH), Distance : 344 ft
|
Batting: RHB Jur Prokop
|
0-0: SOLO HOME RUN (Flyball, 7LD, EV 98.8 MPH), Distance : 327 ft
|
Pinch Hitting: RHB Mike Case
|
0-0: Ball 1-0: Ball 2-0: Called Strike 2-1: Foul Ball, location: 2F 2-2: Strikes out swinging
|
Batting: RHB Gah-fat Liu
|
0-0: Foul Ball, location: 2F 0-1: Ball 1-1: Ball 2-1: Ball 3-1: Base on Balls
|
Batting: SHB Yasuhiko Onishi
|
0-0: Ball 1-0: Foul Ball, location: 2F 1-1: Swinging Strike 1-2: Strikes out swinging
|
Batting: RHB Mathew Mayo
|
0-0: Called Strike 0-1: Called Strike 0-2: Foul Ball, location: 2F 0-2: Fly out, F9 (Flyball, 89XD, EV 98.1 MPH)
|
Bottom of the 7th over - 3 runs, 3 hits, 0 errors, 1 left on base; Echo Park 7 - Seattle 18 |
TOP OF THE 8TH |
Echo Park Lakers batting - Pitching for Seattle Rocketeers : RHP Ken Richmond
|
Now at 1B: Mike Case
|
|
Now in CF: Ruby Rhod
|
|
Batting: RHB Ned Lyons
|
0-0: Called Strike 0-1: SINGLE (Groundball, 4MD, EV 108.8 MPH)
|
Pinch Hitting: LHB Ben Bullock
|
0-0: Ball 1-0: Called Strike 1-1: Ball 2-1: Ball 3-1: Ground out 4-3 (Groundball, 34, EV 83.1 MPH) Ned Lyons to second
|
Batting: RHB Maema Njongmeta
|
0-0: Ball 1-0: Ball 2-0: Ball 3-0: Called Strike 3-1: Foul Ball, location: 2F 3-2: Base on Balls
|
Pitching: LHP Kenny Luker
|
|
Batting: RHB Komotay Koffie
|
0-0: Foul Ball, location: 2F 0-1: Ball Wild Pitch! Ned Lyons to third Maema Njongmeta to second 1-1: Foul Ball, location: 2F 1-2: Strikes out swinging
|
Batting: LHB Joe Schreibvogel
|
0-0: Called Strike 0-1: Foul Ball, location: 2F 0-2: Ball 1-2: Ball Wild Pitch! Ned Lyons scores Maema Njongmeta to third 2-2: Ball 3-2: DOUBLE (Flyball, 8RXD, EV 106.9 MPH) Maema Njongmeta scores
|
Batting: RHB Ryoma Yamamoto
|
0-0: Ball 1-0: Foul Ball, location: 2F 1-1: Ball 2-1: Swinging Strike 2-2: Ball 3-2: Foul Ball, location: 2F 3-2: Base on Balls
|
Batting: LHB Hai-feng Tang
|
0-0: Called Strike 0-1: Ball 1-1: Fly out, F7 (Line Drive, 7, EV 91.9 MPH)
|
Top of the 8th over - 2 runs, 2 hits, 0 errors, 2 left on base; Echo Park 9 - Seattle 18 |
BOTTOM OF THE 8TH |
Seattle Rocketeers batting - Pitching for Echo Park Lakers : RHP Chun-mei Bao
|
Pitching: RHP Karl Dandleton
|
|
Now in RF: Cal MacKim
|
|
Batting: RHB Yakamochi Ota
|
0-0: Foul Ball, location: 2F 0-1: Foul Ball, location: 2F 0-2: Foul Ball, location: 2F 0-2: Ball 1-2: Ball 2-2: Fly out, F9 (Line Drive, 9, EV 86.9 MPH)
|
Batting: RHB Guy Toussaint
|
0-0: Called Strike 0-1: Swinging Strike 0-2: Ball 1-2: Ball 2-2: Fly out, F8 (Flyball, 8RM, EV 78.8 MPH)
|
Batting: RHB Axel Ruschmeyer
|
0-0: Ball 1-0: Ball 2-0: Fly out, F6 (Popup, P, EV 75.0 MPH)
|
Bottom of the 8th over - 0 runs, 0 hits, 0 errors, 0 left on base; Echo Park 9 - Seattle 18 |
TOP OF THE 9TH |
Echo Park Lakers batting - Pitching for Seattle Rocketeers : LHP Kenny Luker
|
Batting: RHB Ger Jobse
|
0-0: Ground out 6-3 (Groundball, 6, EV 99.4 MPH)
|
Batting: LHB Armando Viña
|
0-0: Ball 1-0: Foul Ball, location: 2F 1-1: Called Strike 1-2: Strikes out swinging
|
Batting: RHB Ned Lyons
|
0-0: Ball 1-0: Fly out, F9 (Flyball, 9LMF, EV 78.1 MPH)
|
Top of the 9th over - 0 runs, 0 hits, 0 errors, 0 left on base; Echo Park 9 - Seattle 18 |
|